Map: Cyber Forest LE

Players

ShoWTimE

  • Race: Protoss Protoss
  • League: Grandmaster
  • Spawn Location: 5:00

HellraiseR - Winner!

  • Race: Protoss Protoss
  • Spawn Location: 11:00

Event: HomeStory Cup XIX

VOD

Have the link to the VOD?

Description

Time

  • Played on: June 28, 2019, 10:53 a.m.
  • Length: 12:02

All games in this series

Show
View Real Time Build Order
Export as new Build Order

ShoWTimE Protoss 

Build Orders: Phoenix Opening, Zealot Archon 

Get SALT Encoding   

  12  0:00  Probe  
  13  0:13  Probe  
  14  0:17  Pylon  
  14  0:24  Probe  
  15  0:32  Probe  
  15  0:36  Gateway  
  15  0:40  Probe  
  16  0:45  Assimilator  
  17  0:51  Probe  
  18  1:03  Probe  
  19  1:05  Gateway  
  19  1:15  Probe  
  20  1:23  Cybernetics Core  
  20  1:27  Probe  
  21  1:32  Pylon  
  21  1:39  Probe  
  22  1:50  Pylon  
  22  1:51  Probe  
  25  2:01  Sentry  
  25  2:04  Probe  
  26  2:09  Stalker  
  28  2:18  Probe  
  29  2:24  Cybernetics Core  
  29  2:27  Warp Gate  
  29  2:32  Pylon  
  29  2:36  Assimilator, Phoenix  
  28  2:40  Probe  
  29  2:48  Probe  
  29  2:49  Stalker  
  31  2:57  Pylon  
  32  3:08  Pylon  
  32  3:15  Stalker  
  32  3:16  Probe  
  35  3:29  Probe  
  36  3:41  Stargate  
  36  3:47  Nexus  
  36  3:48  Probe  
  37  3:56  Probe  
  38  4:04  Probe  
  39  4:10  Shield Battery  
  39  4:12  Phoenix  
  39  4:15  Stalker  
  39  4:16  Probe, Phoenix  
  42  4:28  Probe  
  45  4:34  Pylon  
  45  4:40  Probe  
  46  4:52  Probe, Phoenix  
  49  4:55  Robotics Facility  
  49  4:57  Probe  
  50  5:04  Probe  
  50  5:05  Probe  
  51  5:14  Probe  
  52  5:16  Probe  
  52  5:17  Phoenix  
  56  5:23  Probe, Assimilator  
  56  5:25  Probe  
  56  5:26  Assimilator, Forge  
  57  5:31  Probe  
  57  5:33  Probe  
  59  5:37  Pylon  
  59  5:40  Probe  
  59  5:42  Twilight Council  
  60  5:43  Observer  
  62  5:53  Phoenix  
  62  5:55  Protoss Ground Weapons Level 1  
  64  6:04  Gateway  
  64  6:06  Gateway  
  64  6:13  Immortal  
  64  6:17  Pylon  
  68  6:29  Charge  
  68  6:32  Gateway  
  68  6:36  Gateway  
  68  6:42  Gateway  
  68  6:44  Templar Archives, Gateway  
  68  6:47  Probe  
  68  6:51  Immortal  
  73  7:01  Adept x2  
  77  7:09  Pylon  
  77  7:23  Warp Prism  
  77  7:28  High Templar  
  77  7:29  Zealot x3, High Templar  
  87  7:34  Archon  
  87  7:36  Zealot  
  87  7:37  Zealot  
  93  7:39  Pylon  
  93  7:55  Protoss Ground Weapons Level 2  
  93  7:59  Zealot x4  
  101  8:07  Pylon  
  99  8:19  Nexus  
  93  8:21  Pylon  
  93  8:26  Zealot x3  
  99  8:30  Zealot  
  99  8:32  Probe  
  96  8:41  Pylon  
  96  8:44  Zealot  
  96  8:45  High Templar  
  96  8:47  High Templar  
  102  8:50  High Templar x2  
  102  8:54  Archon x2, Pylon  
  106  9:02  Zealot x2  
  110  9:08  Zealot  
  110  9:10  High Templar  
  110  9:11  High Templar  
  110  9:15  Archon  
  114  9:18  Pylon  
  114  9:25  Zealot x4  
  114  9:28  Observer  
  114  9:29  Zealot  
  124  9:32  Zealot  
  121  9:47  Probe  
  121  9:48  Probe x2  
  123  9:59  Zealot x3  
  126  10:02  Probe x2  
  127  10:10  High Templar x2  
  131  10:15  Archon  
  131  10:17  Photon Cannon  
  131  10:23  High Templar x2  
  131  10:27  Archon  
  135  10:28  Phoenix  
  135  10:31  Zealot  
  139  10:44  Observer  
  140  10:50  Zealot x5  
  148  11:10  Zealot x5  
  124  11:27  Observer  
  101  11:41  Zealot x8  
Show
View Real Time Build Order
Export as new Build Order

HellraiseR Protoss - Winner!

Build Orders: Oracle Opening 

Get SALT Encoding   

  12  0:00  Probe  
  13  0:12  Probe  
  14  0:19  Pylon  
  14  0:21  Probe  
  15  0:33  Probe  
  15  0:38  Gateway  
  16  0:44  Probe  
  16  0:49  Assimilator  
  17  0:55  Assimilator  
  17  0:58  Probe  
  18  1:04  Pylon  
  18  1:11  Probe  
  19  1:23  Probe  
  20  1:26  Cybernetics Core  
  20  1:35  Probe  
  21  1:55  Probe  
  21  1:56  Stalker  
  21  1:58  Assimilator  
  22  2:02  Warp Gate  
  22  2:08  Probe  
  25  2:10  Pylon  
  25  2:20  Probe  
  25  2:22  Stalker  
  26  2:27  Cybernetics Core  
  28  2:35  Gateway  
  28  2:36  Probe  
  30  2:51  Stargate  
  30  2:57  Probe  
  30  3:09  Probe  
  31  3:26  Pylon  
  31  3:31  Nexus  
  31  3:34  Oracle  
  30  3:42  Robotics Facility  
  30  3:44  Probe  
  34  3:56  Shield Battery  
  34  3:59  Sentry  
  37  4:03  Pylon  
  37  4:06  Probe  
  37  4:17  Probe  
  37  4:23  Forge  
  38  4:25  Probe  
  38  4:30  Observer  
  40  4:34  Probe  
  41  4:40  Probe  
  41  4:42  Probe  
  42  4:48  Probe  
  42  4:50  Probe  
  44  4:58  Probe  
  44  4:59  Probe  
  49  5:02  Protoss Ground Weapons Level 1  
  49  5:03  Pylon  
  51  5:10  Probe  
  51  5:13  Twilight Council  
  45  5:15  Stalker x2  
  45  5:16  Probe  
  45  5:19  Probe  
  50  5:25  Gateway  
  50  5:27  Probe  
  51  5:29  Probe, Gateway  
  53  5:37  Stalker x2, Probe  
  53  5:41  Probe  
  59  5:47  Pylon  
  59  5:49  Probe  
  60  5:52  Blink  
  60  5:53  Probe  
  61  5:58  Assimilator  
  61  6:01  Assimilator  
  61  6:03  Stalker, Pylon  
  63  6:07  Stalker  
  63  6:08  Probe  
  66  6:21  Observer  
  66  6:24  Probe  
  66  6:25  Probe  
  66  6:31  Stalker x2  
  66  6:32  Warp Prism  
  69  6:36  Photon Cannon  
  69  6:38  Stalker  
  71  6:40  Stalker  
  75  6:55  Stalker  
  75  6:56  Stalker  
  75  6:58  Pylon  
  75  7:00  Protoss Ground Weapons Level 2  
  75  7:01  Probe  
  80  7:14  Stalker x2  
  83  7:18  Stalker  
  85  7:25  Probe  
  86  7:32  Nexus  
  86  7:36  Dark Shrine  
  86  7:41  Pylon  
  86  7:43  Probe x2  
  86  8:00  Adept x2  
  86  8:02  Probe  
  89  8:06  Probe  
  89  8:10  Stalker  
  91  8:18  Gateway  
  89  8:20  Gateway  
  89  8:23  Robotics Bay  
  89  8:25  Adept x2  
  91  8:35  Probe  
  91  8:36  Resonating Glaives  
  91  8:39  Pylon  
  90  8:48  Shield Battery  
  90  8:49  Shield Battery  
  90  8:54  Photon Cannon  
  90  9:02  Colossus  
  90  9:05  Probe  
  90  9:08  Dark Templar  
  90  9:09  Dark Templar x2, Gateway  
  98  9:11  Gateway  
  104  9:24  Probe x2  
  105  9:25  Photon Cannon  
  105  9:26  Probe  
  105  9:28  Extended Thermal Lance  
  106  9:36  Probe x2  
  106  9:38  Probe  
  109  9:39  Colossus  
  108  9:58  Adept x4  
  117  10:11  Gateway  
  117  10:12  Adept x3  
  123  10:23  Pylon  
  123  10:24  Stalker  
  123  10:25  Pylon  
  123  10:26  Probe  
  123  10:28  Probe, Colossus  
  123  10:31  Pylon  
  123  10:34  Pylon  
  126  10:43  Sentry  
  126  10:48  Stalker  
  126  10:49  Stalker x2  
  138  10:53  Stalker  
  140  10:59  Adept x2  
  144  11:10  Adept x2  
  141  11:11  Adept  
  141  11:12  Adept x2  
  146  11:19  Dark Templar  
  116  11:39  Adept x5  
  95  11:55  Adept x3  
  97  12:02  Stalker  
Tags
 
Add a new tag
Caveats
  • Supply blocks, unpowered buildings, or Contaminate may cause inaccurate times.
  • Supply counts are checked every 10 seconds.